 Dungeon Crawl Stone Soup version 0.29-a0-319-gad05b8d819 (webtiles) character file.

Game seed: 12631476118470663238

44 oblizorion1 the Skirmisher (level 3, -6/33 HPs)
             Began as a Hill Orc Fighter on Apr 1, 2022.
             Mangled by Sigmund
             ... wielding a +0 scythe
              (7 damage)
             ... on level 2 of the Dungeon.
             The game lasted 00:05:23 (1847 turns).

oblizorion1 the Skirmisher (Hill Orc Fighter)       Turns: 1847, Time: 00:05:24

Health: -6/33      AC:  9    Str: 18    XL:     3   Next: 62%
Magic:  3/3        EV:  9    Int:  8    God:
Gold:   71         SH:  4    Dex: 12    Spells: 2/2 levels left

rFire   . . .      SeeInvis .   a - +0 war axe
rCold   . . .      Faith    .   c - +0 buckler
rNeg    . . .      Spirit   .   b - +0 scale mail
rPois   .          Reflect  .   e - +0 helmet
rElec   .          Harm     .   n - +0 cloak
rCorr   .          Rampage  .   (no gloves)
Will    .....                   (no boots)
Stlth   ..........              (no amulet)
HPRegen 0.11/turn               (no ring)
MPRegen 0.08/turn               (no ring)

@: no status effects
A: no striking features
a: no special abilities


You were on level 2 of the Dungeon.
You visited 1 branch of the dungeon, and saw 2 of its levels.

You collected 71 gold pieces.

Inventory:

Hand Weapons
 a - a +0 war axe (weapon)
 j - a +6 dagger
Missiles
 l - 16 stones (quivered)
Armour
 b - a +0 scale mail (worn)
 c - a +0 buckler (worn)
 e - a +0 helmet (worn)
 n - a +0 cloak (worn)
Scrolls
 g - 4 scrolls of identify {unknown}
 i - a scroll of enchant weapon {unknown}
 k - 3 scrolls of teleportation {unknown}
 m - 2 scrolls of immolation {unknown}
Potions
 d - a potion of might
 f - 2 potions of curing {unknown}
 h - a potion of haste {unknown}
 o - a potion of brilliance {unknown}


   Skills:
 + Level 4.0 Fighting
 + Level 3.4 Axes
 + Level 3.8 Armour
 + Level 0.3 Dodging
 + Level 3.6 Shields


You had 2 spell levels left.
You didn't know any spells.
Your spell library contained the following spells:

 Spells                   Type           Power      Damage    Failure   Level
 Scorch                   Fire           0%         2d5       95%         2
 Flame Wave               Conj/Fire      0%         2d4       100%        4
 Summon Cactus Giant      Summ           0%         N/A       100%        6


Dungeon Overview and Level Annotations

Branches:
Dungeon (2/15)

Altars:

Shops:
D:2 (

Annotations:
D:2 Sigmund


Message History

There is a stone staircase leading down here.
You climb downwards.
Level annotation: Sigmund
There is a stone staircase leading up here.
Sigmund is nearby!
Sigmund gestures at you while chanting.
You are confused.
You bump into the rock wall.
Sigmund casts a spell at you.
You are more confused.
You bump into the rock wall.
Sigmund gestures wildly while chanting.
Sigmund flickers and vanishes!
Deactivating autopickup; reactivate with Ctrl-A.
Something tries to affect you, but you resist.
You bump into the rock wall.
You bump into the rock wall.
You hear some strange, mumbled words.
Something tries to affect you, but you resist.
You hear some strange, mumbled words.
Something tries to affect you, but you resist.
You miss something.
You hear some strange, mumbled words.
A magic dart appears from out of thin air!
The magic dart hits you but does no damage.
Something hits you but does no damage.
You're too confused to move!
You miss something.
You feel less confused. Something hits you.
You barely miss something. Something hits you.
You hit something. Something hits you!
You miss something. Something hits you but does no damage.
You closely miss something. Something hits you.
You closely miss something. Something hits you!
* * * LOW HITPOINT WARNING * * *
You slash something! Something hits you.
* * * LOW HITPOINT WARNING * * *
You hit something. Something hits you!
You die...

### ############## ....
#..........>.#####.....
#.##########...........
##.#############.##.....
#.<....@{.........# ...
#..##########.....# #
#..# #.........
######..# #.....##...
#.......# ##...## ..
#.####.## ##.... . #.#
#.# #.#### ###.####.#
#.# #..#.....# .#


There were no monsters in sight!

Vanquished Creatures
  2 adders
  3 giant cockroaches
  2 goblins (D:1)
  6 hobgoblins
  A kobold (D:1)
  2 quokkas (D:1)
  3 ball pythons (D:1)
  3 bats (D:1)
  3 frilled lizards
  A rat (D:2)
26 creatures vanquished.

Vanquished Creatures (others)
  A plant (D:1)
1 creature vanquished.

Grand Total: 27 creatures vanquished

Notes
Turn   | Place    | Note
-------+----------+-------------------------------------------
     0 | D:1      | oblizorion1 the Hill Orc Fighter began the quest for the
                  | Orb.
     0 | D:1      | Reached XP level 1. HP: 19/19 MP: 1/1
   309 | D:1      | Reached XP level 2. HP: 27/27 MP: 2/2
  1432 | D:2      | Found Ysho's Antique Weapon Emporium.
  1511 | D:2      | Reached XP level 3. HP: 33/33 MP: 3/3
  1606 | D:2      | Reached skill level 4 in Fighting
  1725 | D:2      | Noticed Sigmund
  1846 | D:2      | HP: 1/33 [something (1)]
  1847 | D:2      | Mangled by Sigmund

Illustrated notes

Levels and vault maps discovered:
D:1:      dpeg_arrival_arbitrary_b, layout_basic, serial_bayou_pond_d
D:2:      layout_loops_ring, serial_shops, shop,
          nicolae_elevator_lobby_asterisk, uniq_sigmund

Skill      XL: |  1  2  3 |
---------------+----------+-----
Axes           | 3 |  3.4
Fighting       | 4 |  4.0
Armour         | |  3.8
Dodging        | |  0.3
Shields        | |  3.6

Action                   || total
-------------------------++-------
Melee: War axe           ||   106
Armor: Scale mail        ||    62
Dodge: Dodged            ||    46
Block: Buckler           ||    16

Table legend: (Time is in decaauts)
 A = Elapsed time spent in this place.
 B = Non-inter-level travel time spent in this place.
 C = Inter-level travel time spent in this place.
 D = Time resting spent in this place.
 E = Time spent auto-exploring this place.
 F = Levels seen in this place.
 G = Mean time per level.
                   A        B        C        D        E       F      G
               +--------+--------+--------+--------+--------+-----+--------+
         Total |   1890 |   1824 |     66 |    547 |    885 |   2 |  945.0 |
       Dungeon |   1890 |   1824 |     66 |    547 |    885 |   2 |  945.0 |
               +--------+--------+--------+--------+--------+-----+--------+

Top non-repeatable levels by time:
     D:1: 1491 daAuts
     D:2: 398 daAuts
